 Dungeon Crawl Stone Soup version 0.22-a0-603-gfc1114d (webtiles) character file.

489 sking99 the Insei (level 7, -3/45 HPs)
             Began as an Octopode Transmuter on July 7, 2018.
             Killed from afar by Blork the orc (7 damage)
             ... with a puff of frost
             ... on level 5 of the Dungeon.
             The game lasted 00:10:07 (4469 turns).

sking99 the Insei (Octopode Transmuter)             Turns: 4469, Time: 00:10:08

Health: -3/45      AC:  1    Str: 10    XL:     7   Next: 14%
Magic:  3/11       EV: 13    Int: 15    God:
Gold:   140        SH:  0    Dex: 14    Spells: 7/12 levels left

rFire    + . .     SeeInvis .     - Unarmed
rCold    . . .     Gourm    .   (no shield)
rNeg     . . .     Faith    .   (helmet restricted)
rPois    .         Spirit   .   (no amulet)
rElec    .         Reflect  .   b - ring of protection from fire
rCorr    .         Harm     .   (no ring)
MR       .....                  (no ring)
Stlth    ++........             (no ring)
HPRegen  0.15/turn              (no ring)
MPRegen  0.12/turn              (no ring)
                                (no ring)
                                (no ring)

@: very slightly contaminated
A: almost no armour, stealthy swim, amphibious, 8 rings, constrict 8, camouflage
1, gelatinous body 1
a: no special abilities


You were on level 5 of the Dungeon.
You were hungry.

You visited 1 branch of the dungeon, and saw 5 of its levels.

You collected 140 gold pieces.

Inventory:

Missiles
 a - 5 arrows
Jewellery
 b - a ring of protection from fire (left tentacle)
 r - an uncursed ring of fire
Wands
 f - a wand of random effects (24)
Scrolls
 e - a scroll of amnesia
 n - a scroll of teleportation
 o - 2 scrolls of remove curse
Potions
 d - 3 potions of curing
 i - 4 potions of agility
 j - 2 potions of lignification
 k - 3 potions of haste
 m - 3 potions of might
 q - 2 potions of degeneration
Comestibles
 c - 15 rations
 g - a chunk of flesh


   Skills:
 + Level 2.8 Fighting
 - Level 2.0 Dodging
 * Level 5.8 Unarmed Combat
 - Level 3.0 Spellcasting
 + Level 3.5 Transmutations
 - Level 2.0 Poison Magic


You had 7 spell levels left.
You knew the following spells:

 Your Spells              Type           Power        Failure   Level  Hunger
b - Sticks to Snakes      Tmut           ##......     7%          2    ##.....
c - Spider Form           Tmut/Pois      ##........   19%         3    ###....

Your spell library contained the following spells:

 Spells                   Type           Power        Failure   Level  Hunger
 Blade Hands              Tmut           ##........   78%         5    ######.
 Ice Form                 Ice/Tmut       #.......     67%         4    #####..
 Beastly Appendage        Tmut           ##....       4%          1    #......


Dungeon Overview and Level Annotations

Branches:
Dungeon (5/15)
 Temple: D:4-7

Altars:
Ashenzari
Dithmenos
Sif Muna
Trog

Annotations:
D:5 1 runed door, Blork the orc


Innate Abilities, Weirdness & Mutations

You cannot wear most types of armour.
You are very stealthy in the water. (Stealth+)
You are amphibious.
You can wear up to eight rings at the same time.
You can use your tentacles to constrict eight enemies at once.
Your skin changes colour to match your surroundings (Stealth+).
Your rubbery body absorbs attacks. (AC +1, EV +1)


Message History

Blork the orc looks as sick as possible!
Blork the orc is moderately wounded.
You hit Blork the orc but do no damage.
Blork the orc looks as sick as possible!
Blork the orc is heavily wounded.
Blork the orc barely misses you.
You hit Blork the orc.
Blork the orc looks as sick as possible!
Blork the orc is heavily wounded.
Blork the orc hits you with a battleaxe of freezing!
Blork the orc freezes you.
* * * LOW HITPOINT WARNING * * *
Blork the orc casts a cantrip, but nothing happens.
Your transformation has ended.
Blork the orc casts a spell at you. The magic dart hits you!
* * * LOW HITPOINT WARNING * * *
Blork the orc gestures at you while chanting.
The puff of frost hits you!
You die...

###########..#
............#
...........#
..........##
........o##
###......#
#.....##
#..##.## ###
#@.# # ###
#..# ###
####.+ ##.##
###.# .#..##
#.รท#####...##
#.###
##....#.....#
###
##..........#
##
##.###.......#
##### ######.#
#..# #.......#
....#
#.......##.##
#.......#


You could see Blork the orc.

Vanquished Creatures
  An ogre (D:4)
  A scorpion (D:5)
  A bullfrog skeleton (D:4)
  3 orc wizards
  Robin (D:2)
  12 adders
  A shadow imp (D:5)
  2 oozes (D:1)
  2 worms (D:3)
  4 dart slugs
  2 leopard geckos
  7 orcs
  8 bats
  6 giant cockroaches
  19 goblins
  10 hobgoblins
  5 jackals
  3 kobolds
  2 quokkas
  7 frilled lizards
  2 leopard gecko skeletons (D:4)
  9 rats
108 creatures vanquished.

Vanquished Creatures (others)
  A wizard (D:3)
1 creature vanquished.

Grand Total: 109 creatures vanquished

Notes
Turn   | Place    | Note
-------+----------+-------------------------------------------
     0 | D:1      | sking99 the Octopode Transmuter began the quest for the Orb.
     0 | D:1      | Reached XP level 1. HP: 13/13 MP: 3/3
    72 | D:1      | Reached XP level 2. HP: 17/18 MP: 3/5
   379 | D:1      | Reached XP level 3. HP: 22/24 MP: 6/6
   383 | D:1      | Learned a level 2 spell: Sticks to Snakes
   387 | D:1      | Learned a level 3 spell: Spider Form
   908 | D:2      | Reached skill level 4 in Unarmed Combat
   967 | D:2      | Reached XP level 4. HP: 15/29 MP: 5/7
  1338 | D:2      | Reached skill level 1 in Poison Magic
  1904 | D:2      | Reached XP level 5. HP: 34/34 MP: 4/8
  2016 | D:2      | Found a shattered altar of Ashenzari.
  2016 | D:2      | Noticed Robin
  2047 | D:2      | Killed Robin
  2301 | D:2      | Found a deep blue altar of Sif Muna.
  2729 | D:3      | Found a shadowy altar of Dithmenos.
  2773 | D:3      | Reached XP level 6. HP: 25/39 MP: 6/10
  2895 | D:3      | Found a bloodstained altar of Trog.
  2900 | D:3      | Noticed a wizard
  2903 | D:3      | Killed a wizard
  3405 | D:4      | Reached skill level 5 in Unarmed Combat
  4026 | D:5      | Entered Level 5 of the Dungeon
  4168 | D:5      | Found a runed door.
  4203 | D:5      | Reached XP level 7. HP: 45/45 MP: 8/11
  4272 | D:5      | Noticed Blork the orc
  4469 | D:5      | Killed from afar by Blork the orc

Vault maps used:
D:1:      dpeg_arrival_subterranean_lakeside_camping
D:2:      nicolae_overflow_crystal_walls, lemuel_blue_sif_altar, uniq_robin
D:3:      grunt_dithmenos_smoke, trog_wizard
D:4:      first_ration, minmay_misc_feat_pillars, kennysheep_generic_room_4
D:5:      minmay_temple_entry_fiery, uniq_blork_the_orc, uniq_sigmund,
          uniq_crazy_yiuf_cottage

Skill      XL: |  1  2  3  4  5  6 |
---------------+-------------------+-----
Fighting       | 2 |  2.8
Unarmed Combat | 4 5 |  5.8
Poison Magic   | 1 2 |  2.0
Transmutations | 3 |  3.5
Spellcasting   | 3 |  3.0
Dodging        | |  2.0

Action                   |  1- 3 |  4- 6 |  7- 9 || total
-------------------------+-------+-------+-------++-------
Melee: Unarmed           |    60 |   189 |    13 ||   262
       Tentacles         |    10 |     7 |       ||    17
       Constrict         |    17 |    15 |     1 ||    33
       Kick              |    10 |     5 |       ||    15
       Punch             |     1 |     3 |       ||     4
 Cast: Beastly Appendage |    13 |     3 |       ||    16
       Spider Form       |       |    20 |     2 ||    22
       Sticks to Snakes  |       |     5 |     2 ||     7
  Use: Scroll            |       |    16 |       ||    16
 Stab: Sleeping          |     5 |    10 |       ||    15
  Eat: Chunk             |       |    14 |     1 ||    15
Armor: Skin              |     6 |    15 |       ||    21
Dodge: Dodged            |    39 |   122 |     5 ||   166

Table legend:
 A = Spawn XP
 B = Non-spawn XP
 C = Spawn XP percentage of total XP
 D = Spawn monster count
 E = Non-spawn monster count
 F = Spawn count percentage of total count
 G = Total turns spent on level
                    A         B        C        D         E        F      G
               +---------+---------+-------+---------+---------+-------+---------
         Total |       0 |     699 |   0.0 |       0 |     108 |   0.0 |  4469
               +---------+---------+-------+---------+---------+-------+---------
           D:1 |       0 |      52 |   0.0 |       0 |      22 |   0.0 |   838
           D:2 |       0 |     167 |   0.0 |       0 |      41 |   0.0 |  1605
           D:3 |       0 |     116 |   0.0 |       0 |      26 |   0.0 |   870
           D:4 |       0 |     249 |   0.0 |       0 |      13 |   0.0 |   713
           D:5 |       0 |     115 |   0.0 |       0 |       6 |   0.0 |   443
               +---------+---------+-------+---------+---------+-------+---------
